 Dungeon Crawl Stone Soup version 0.25-a0-860-gf695395b5c (webtiles) character file.

Game seed: 11992442535054223221, levelgen mode: deterministic

674 Conn the Sneak (level 7, -3/43 HPs)
             Began as an Octopode Conjurer on Apr 27, 2020.
             Slain by a bullfrog skeleton (6 damage)
             ... on level 4 of the Dungeon.
             The game lasted 00:10:29 (3178 turns).

Conn the Sneak (Octopode Conjurer)                  Turns: 3178, Time: 00:10:30

Health: -3/43      AC:  1    Str:  7 (8)  XL:     7   Next: 59%
Magic:  5/12       EV: 14    Int: 17 (19) God:
Gold:   201        SH:  0    Dex:  9 (12) Spells: 2/12 levels left

rFire    . . .     SeeInvis .   d - +2 dagger (venom)
rCold    . . .     Gourm    .   (no shield)
rNeg     . . .     Faith    .   (helmet restricted)
rPois    .         Spirit   .   s - amulet of magic regeneration
rElec    .         Reflect  .   (no ring)
rCorr    .         Harm     .   (no ring)
MR       .....                  (no ring)
Stlth    ++++......             (no ring)
HPRegen  0.14/turn              (no ring)
MPRegen  0.38/turn              (no ring)
                                (no ring)
                                (no ring)

@: no status effects
A: almost no armour, stealthy swim, amphibious, 8 rings, constrict 8, camouflage
1, gelatinous body 1
a: no special abilities


You were on level 4 of the Dungeon.
You were not hungry.

You visited 1 branch of the dungeon, and saw 5 of its levels.

You collected 201 gold pieces.

Inventory:

Hand Weapons
 a - a +0 dagger
 d - a +2 dagger of venom (weapon)
 h - a +2 mace of protection
Missiles
 p - 16 poisoned darts (quivered)
Armour
 q - a +0 buckler
Jewellery
 f - an uncursed amulet of harm
 s - an amulet of magic regeneration (around mantle)
Wands
 l - a wand of polymorph (12)
Scrolls
 e - 2 scrolls of identify {unknown}
 i - a scroll of immolation {unknown}
 j - a scroll of magic mapping {unknown}
 k - 5 scrolls of remove curse {unknown}
 m - a scroll of fear {unknown}
 n - 3 scrolls of enchant weapon {unknown}
 r - a scroll of amnesia {unknown}
 u - a scroll of teleportation {unknown}
Potions
 c - a potion of curing
 g - a potion of degeneration
 o - a potion of magic {unknown}
 t - a potion of lignification {unknown}
Comestibles
 b - 6 rations
 v - 5 chunks of flesh


   Skills:
 + Level 1.0 Fighting
 + Level 2.5 Short Blades
 + Level 3.4 Dodging
 + Level 6.3 Stealth
 + Level 3.4 Spellcasting
 + Level 5.9 Conjurations


You had 2 spell levels left.
You knew the following spells:

 Your Spells              Type           Power        Failure   Level  Hunger
a - Magic Dart            Conj           ###.         1%          1    None
b - Searing Ray           Conj           ###...       2%          2    ##.....
c - Dazzling Flash        Conj/Hex       ##....       14%         3    ###....
d - Fulminant Prism       Conj/Hex       ##........   43%         4    ####...

Your spell library contained the following spells:

 Spells                   Type           Power        Failure   Level  Hunger
 Iskenderun's Mystic Bla  Conj/Tloc      ##......     45%         4    ####...


Dungeon Overview and Level Annotations

Branches:
Dungeon (5/15)
 Temple: D:4-7

Altars:
Qazlal


Innate Abilities, Weirdness & Mutations

You cannot wear most types of armour.
You are very stealthy in the water. (Stealth+)
You are amphibious.
You can wear up to eight rings at the same time.
You can use your tentacles to constrict eight enemies at once.
Your skin changes colour to match your surroundings (Stealth+).
Your rubbery body absorbs attacks. (AC +1, EV +1)


Message History

You feel a bit more experienced.
The searing ray hits the bullfrog skeleton!
The bullfrog skeleton is heavily damaged.
The searing ray hits the bullfrog skeleton.
The bullfrog skeleton is severely damaged.
The searing ray hits the orc wizard.
The orc wizard is lightly wounded.
The bullfrog skeleton hits you.
* * * LOW HITPOINT WARNING * * *
The bullfrog skeleton hits you.
* * * LOW HITPOINT WARNING * * *
The searing ray hits the bullfrog skeleton.
The bullfrog skeleton is almost destroyed.
The searing ray hits the orc wizard!
The orc wizard is severely wounded.
You finish channeling your searing ray.
The orc wizard casts a spell.
The orc wizard blinks!
The crimson imp barely misses you. The bullfrog skeleton hits you.
You die...

######.......##.########.########
......###...###.# #.# #####.#
##.##...# #.# #.# ####.### #.#
#.# #.# #.# #####.# #.# #.#
#.....# ##.## #.#
#.##########..o####### #.# #.#
#..........5@Z§..# #
#.###.######...###.#.# .# #.....#
#######.#.# ..# #.#####
#.....Z##.# #.# #.##...#.# #.#
#.#..>..# ## #.# #.#.o..## ##.#
### #.# #.......###.#####.. #.#
###..#.#.#.#.......


You could see an orc wizard, a crimson imp and a bullfrog skeleton.

Vanquished Creatures
  A phantom (D:4)
  2 ogres (D:4)
  A bullfrog (D:5)
  A howler monkey (D:4)
  An orc priest (D:4)
  A hound (D:5)
  Natasha (D:2)
  3 orc wizards (D:4)
  A worker ant zombie (D:3)
  7 adders
  An ooze (D:1)
  A worm (D:3)
  A dart slug (D:1)
  A leopard gecko (D:4)
  5 orcs
  3 ball pythons
  A giant cockroach (D:1)
  9 goblins
  6 hobgoblins
  6 jackals
  A quokka (D:3)
  5 bats
  4 frilled lizards
  9 kobolds
  8 rats
80 creatures vanquished.

Vanquished Creatures (others)
  A fulminant prism (D:4)
1 creature vanquished.

Grand Total: 81 creatures vanquished

Notes
Turn   | Place    | Note
-------+----------+-------------------------------------------
     0 | D:1      | Conn the Octopode Conjurer began the quest for the Orb.
     0 | D:1      | Reached XP level 1. HP: 11/11 MP: 3/3
   294 | D:1      | Reached XP level 2. HP: 17/17 MP: 1/5
   341 | D:1      | Learned a level 2 spell: Searing Ray
   721 | D:1      | Reached XP level 3. HP: 20/21 MP: 4/6
   781 | D:1      | Learned a level 3 spell: Dazzling Flash
  1195 | D:2      | Noticed Natasha
  1239 | D:2      | Killed Natasha
  1239 | D:2      | Reached skill level 3 in Stealth
  1239 | D:2      | Reached skill level 5 in Conjurations
  1239 | D:2      | Reached XP level 4. HP: 27/27 MP: 4/7
  1351 | D:2      | Found a stormy altar of Qazlal.
  1403 | D:2      | You fall into a shaft and drop 1 floor!
  1930 | D:3      | Reached XP level 5. HP: 31/31 MP: 8/8
  2027 | D:3      | Reached skill level 4 in Stealth
  2654 | D:4      | Noticed an ogre
  2663 | D:4      | Killed an ogre
  2663 | D:4      | Reached skill level 1 in Short Blades
  2663 | D:4      | Reached XP level 6. HP: 37/37 MP: 3/10
  2718 | D:4      | Noticed a phantom
  2734 | D:4      | Killed a phantom
  2734 | D:4      | Reached skill level 5 in Stealth
  2850 | D:4      | Reached skill level 6 in Stealth
  2850 | D:4      | Reached XP level 7. HP: 31/42 MP: 2/11
  3061 | D:4      | Learned a level 4 spell: Fulminant Prism
  3133 | D:5      | Entered Level 5 of the Dungeon
  3144 | D:5      | Reached skill level 1 in Fighting
  3173 | D:4      | HP: 2/43 [orc wizard/magic dart (7)]
  3178 | D:4      | Slain by a bullfrog skeleton

Levels and vault maps discovered:
D:1:      heliophobic_arrival_glass_houses, layout_basic, minmay_tetromino_l2
D:2:      layout_rooms, lemuel_crystal_altar, lemuel_crystal_altar,
          first_ration, minmay_joined_circles, uniq_natasha
D:3:      minmay_razor_zed, layout_basic, hangedman_decor_growths
D:4:      layout_loops_ring, uniq_eustachio, uniq_robin
D:5:      layout_cave_pools, nicolae_ru_the_path_less_chosen,
          okawaru_ov_weapons_minmay, serial_glass, glass_columns_a,
          glass_columns_c, serial_shops, shop, nicolae_shop_trees, uniq_duvessa

Skill      XL: |  1  2  3  4  5  6  7 |
---------------+----------------------+-----
Stealth        | 3 4 6 |  6.3
Conjurations   | 5 |  5.9
Short Blades   | 1 2 |  2.5
Dodging        | 3 |  3.4
Spellcasting   | 3 |  3.4
Fighting       | 1 |  1.0

Action                   |  1- 3 |  4- 6 |  7- 9 || total
-------------------------+-------+-------+-------++-------
Melee: Dagger            |    26 |    39 |     9 ||    74
       Tentacles         |     8 |     2 |     1 ||    11
       Constrict         |     8 |     6 |     4 ||    18
 Cast: Magic Dart        |    29 |    28 |    23 ||    80
       Searing Ray       |     1 |     6 |     3 ||    10
       Fulminant Prism   |       |       |     1 ||     1
       Dazzling Flash    |       |       |     1 ||     1
  Use: Potion            |       |       |     4 ||     4
 Stab: Sleeping          |     5 |    10 |       ||    15
  Eat: Chunk             |     1 |     5 |       ||     6
       Ration            |       |       |     1 ||     1
Armor: Skin              |     4 |     1 |     1 ||     6
Dodge: Dodged            |    19 |    25 |    19 ||    63

Table legend:
 A = Non-vault XP
 B = Vault XP
 C = Vault XP percentage of total XP
 D = Non-vault monster count
 E = Vault monster count
 F = Vault count percentage of total count
                 A         B        C        D         E       F
            +---------+---------+-------+---------+---------+-------
      Total |     887 |      77 |   8.0 |      64 |      16 |  20.0
            +---------+---------+-------+---------+---------+-------
        D:1 |      51 |       2 |   3.8 |      27 |       1 |   3.6
        D:2 |       3 |      35 |  92.1 |       3 |       1 |  25.0
        D:3 |      97 |      40 |  29.2 |      18 |      14 |  43.8
        D:4 |     591 |       0 |   0.0 |      13 |       0 |   0.0
        D:5 |     145 |       0 |   0.0 |       3 |       0 |   0.0
            +---------+---------+-------+---------+---------+-------
